 Dungeon Crawl Stone Soup version 0.23.0-3-gf3c87f2 (webtiles) character file.

Game seed: 18321242112125962849

41 xccam the Cutter (level 3, 0/25 HPs)
             Began as a Gnoll Wanderer on Feb 20, 2019.
             Slain by an ogre
             ... wielding a +0 giant club
              (16 damage)
             ... on level 2 of the Dungeon.
             The game lasted 00:02:33 (1371 turns).

xccam the Cutter (Gnoll Wanderer)                   Turns: 1371, Time: 00:02:35

Health: 0/25       AC:  3    Str: 16 (18) XL:     3   Next: 52%
Magic:  4/4        EV: 12    Int: 11 (14) God:
Gold:   98         SH:  0    Dex: 14 (16) Spells: 3/3 levels left

rFire    + . .     SeeInvis .   a - +0 short sword
rCold    . . .     Gourm    .   (no shield)
rNeg     . . .     Faith    .   d - +0 leather armour {rF+}
rPois    .         Spirit   .   (no helmet)
rElec    .         Reflect  .   (no cloak)
rCorr    .         Harm     .   (no gloves)
MR       .....                  (no boots)
Stlth    +.........             (no amulet)
HPRegen  0.08/turn              (no ring)
MPRegen  0.09/turn              (no ring)

@: confused, mighty, flying, hasted, very quick
A: distributed training, fangs 1, strong nose
a: no special abilities


You were on level 2 of the Dungeon.
You were very hungry.

You visited 1 branch of the dungeon, and saw 2 of its levels.

You collected 98 gold pieces.

Inventory:

Hand Weapons
 a - a +0 short sword (weapon)
Armour
 d - a +0 leather armour of fire resistance (worn)
Scrolls
 b - a scroll of fear
 h - a scroll of teleportation {unknown}
Potions
 c - 2 potions of curing
Comestibles
 f - 3 rations


   Skills:
 + Level 0.8 Fighting
 + Level 6.5 Short Blades
 + Level 0.8 Long Blades
 + Level 0.8 Axes
 + Level 0.8 Maces & Flails
 + Level 0.8 Polearms
 + Level 0.8 Staves
 + Level 0.8 Slings
 + Level 0.8 Bows
 + Level 0.8 Crossbows
 + Level 0.8 Throwing
 + Level 0.8 Armour
 + Level 2.6 Dodging
 + Level 4.1 Stealth
 + Level 0.8 Shields
 + Level 0.8 Unarmed Combat
 + Level 0.8 Spellcasting
 + Level 0.5 Conjurations
 + Level 0.5 Hexes
 + Level 0.5 Charms
 + Level 0.5 Summonings
 + Level 0.5 Necromancy
 + Level 0.5 Translocations
 + Level 0.5 Transmutations
 + Level 0.5 Fire Magic
 + Level 3.7 Ice Magic
 + Level 0.5 Air Magic
 + Level 2.1 Earth Magic
 + Level 0.5 Poison Magic
 + Level 1.0 Invocations
 + Level 2.6 Evocations


You had 3 spell levels left.
You didn't know any spells.
Your spell library was empty.

Dungeon Overview and Level Annotations

Branches:
Dungeon (2/15)

Altars:
Dithmenos
Vehumet

Annotations:
D:2 Natasha


Innate Abilities, Weirdness & Mutations

Your experience applies equally to all skills.
You have very sharp teeth.
Your uncanny sense of smell can sniff out nearby items.


Message History

Okay, then.
It was a potion of flight.
You feel very buoyant.
You fly up into the air.
The ogre barely misses you.
It was a potion of haste.
You feel yourself speed up.
Natasha mumbles some strange words.
You feel disoriented. The ogre closely misses you.
You see here a +0 club.
It was a potion of ambrosia.
You are confused.
You feel invigorated.
It was a potion of degeneration.
There was something very wrong with that liquid.
You feel weakened.
You feel dopey.
You feel clumsy.
It was a potion of might.
You feel very mighty all of a sudden. The ogre hits you with a +0 giant club!
Ouch! That really hurt!
You die...

....+ ####....## ∆
#........#
#.........#.
#.........#.
#######...###[.. .
#.h.h....##.##.. #
#O######.#._.#.# #
#@# #....)..### #.#
##.....##.# #.#
#...##...
###.############...#
+...................
##...###############
#...# #...# ##.##


You could see an ogre and Natasha.

Vanquished Creatures
  2 dart slugs (D:1)
  A leopard gecko (D:1)
  10 bats
  2 giant cockroaches
  5 hobgoblins
  A jackal (D:2)
  3 frilled lizards (D:1)
  3 goblins
  4 kobolds (D:1)
  4 rats
35 creatures vanquished.

Vanquished Creatures (others)
  Jessica (D:2)
  A goblin (D:2)
  A jackal (D:2)
3 creatures vanquished.

Grand Total: 38 creatures vanquished

Notes
Turn   | Place    | Note
-------+----------+-------------------------------------------
     0 | D:1      | xccam the Gnoll Wanderer began the quest for the Orb.
     0 | D:1      | xccam set off with the following items: a +2 dagger, a
                  | scroll of fear, a potion of curing, a +0 short sword, a +0
                  | robe, a ration
     0 | D:1      | Reached XP level 1. HP: 13/13 MP: 2/2
   300 | D:1      | Reached XP level 2. HP: 15/19 MP: 3/3
   471 | D:1      | Reached XP level 3. HP: 4/25 MP: 4/4
  1021 | D:2      | Found a radiant altar of Vehumet.
  1032 | D:2      | Noticed Jessica
  1042 | D:2      | Killed Jessica
  1207 | D:2      | Reached skill level 1 in Invocations
  1354 | D:2      | Found a shadowy altar of Dithmenos.
  1355 | D:2      | Noticed Natasha
  1355 | D:2      | Noticed an ogre
  1371 | D:2      | Slain by an ogre

Skill      XL: |  1  2  3 |
---------------+----------+-----
Earth Magic    | 2 |  2.1
Invocations    | 1 |  1.0
Fighting       | |  0.8
Short Blades   | |  6.5
Long Blades    | |  0.8
Axes           | |  0.8
Maces & Flails | |  0.8
Polearms       | |  0.8
Staves         | |  0.8
Slings         | |  0.8
Bows           | |  0.8
Crossbows      | |  0.8
Throwing       | |  0.8
Armour         | |  0.8
Dodging        | |  2.6
Stealth        | |  4.1
Shields        | |  0.8
Unarmed Combat | |  0.8
Spellcasting   | |  0.8
Conjurations   | |  0.5
Hexes          | |  0.5
Charms         | |  0.5
Summonings     | |  0.5
Necromancy     | |  0.5
Translocations | |  0.5
Transmutations | |  0.5
Fire Magic     | |  0.5
Ice Magic      | |  3.7
Air Magic      | |  0.5
Poison Magic   | |  0.5
Evocations     | |  2.6

Action                   || total
-------------------------++-------
Melee: Short sword       ||   103
       Bite              ||    13
  Use: Potion            ||     5
 Stab: Sleeping          ||     3
Armor: Robe              ||     5
       Leather armour    ||    21
Dodge: Dodged            ||    66
